nht, neutral male human Monk --- --- --- |)| |.| |.| ---|---1---|--- |.%.%`.2..._-(| --|)------.---- |.2.(%J|.[| -|-----(|----- .->1_1.......| -|.---1---.--- |[| |.| |(| --- --- --- nht the Student of Stones Experience level: 11 Strength: 18/** Dexterity: 10 Constitution: 17 Intelligence: 10 Wisdom: 13 Charisma: 7 Health: 22(80) Energy: 29(46) Def: 18 Gold: 4957 Moves: 3641 Dungeon seed: 25uBrLhC5WGGyHR4 Game ID: nht_1458114946 Your Inventory: Coins $ - 4957 gold pieces Amulets s - an uncursed amulet of life saving L - the blessed Eye of the Aethiopica M - a blessed amulet of reflection (being worn) Weapons a - the rustproof +0 Vorpal Blade (weapon in foreclaw) Armor c - an uncursed burnt +2 pair of leather gloves (being worn) q - a blessed fireproof +3 pair of speed boots (being worn) r - an uncursed +0 pair of gauntlets of fumbling Comestibles J - an uncursed lizard corpse Potions h - an uncursed potion of invisibility R - an uncursed potion of gain level Wands d - a wand of lightning (0:3) f - a wand of digging (0:4) j - a wand of lightning (0:6) o - a cursed wand of fire (0:2) u - a wand of probing (0:7) x - a wand of probing (0:6) y - a wand of cancellation named !!!!!!!!!!1 (0:4) A - a wand of create monster (0:0) B - a wand of create monster (0:11) C - a wand of lightning (0:7) D - a wand of death (0:6) G - a wand of teleportation (0:2) H - a wand of digging (0:4) I - a cursed wand of locking (0:4) K - a wand of create monster (0:15) O - a wand of digging (0:6) P - a wand of undead turning (0:6) U - a wand of polymorph (1:4) W - a wand of digging (0:6) Y - a blessed wand of light (0:11) Tools b - a blessed greased fireproof bag of holding i - a blessed oil lamp (0:1349) p - a blessed oil lamp (0:1322) t - an uncursed blindfold v - an uncursed lock pick z - a blessed -2 unicorn horn Q - the uncursed Candelabrum of Invocation (no candles attached) (0:0) S - a fireproof magic marker named u (0:31) Contents of the bag of holding: 1927 gold pieces an uncursed amulet of change an uncursed amulet of change an uncursed amulet of strangulation an uncursed amulet versus poison 12 +0 shuriken a cursed +0 cloak of displacement an uncursed +0 elven cloak an uncursed +0 elven cloak a blessed +0 mummy wrapping an uncursed +0 pair of jumping boots an uncursed +0 pair of water walking boots an uncursed +1 robe 2 uncursed lembas wafers 2 uncursed slime molds an uncursed sprig of wolfsbane 14 uncursed scrolls of blank paper a blessed scroll of charging named b a blessed scroll of create monster 6 uncursed scrolls of create monster 3 uncursed scrolls of enchant armor a cursed scroll of enchant armor a blessed scroll of enchant weapon 2 uncursed scrolls of enchant weapon a cursed scroll of enchant weapon an uncursed scroll of fire 2 uncursed scrolls of food detection an uncursed scroll of genocide 2 blessed scrolls of gold detection a blessed scroll of identify an uncursed scroll of identify a cursed scroll of identify a blessed scroll of magic mapping an uncursed scroll of magic mapping 2 uncursed scrolls of scare monster an uncursed scroll of stinking cloud 2 blessed scrolls of teleportation 6 uncursed scrolls of teleportation 3 cursed scrolls of teleportation an uncursed scroll of water an uncursed spellbook of cause fear an uncursed spellbook of detect monsters an uncursed spellbook of detect unseen an uncursed spellbook of dig an uncursed spellbook of fireball an uncursed spellbook of invisibility an uncursed spellbook of jumping an uncursed spellbook of levitation an uncursed spellbook of magic missile an uncursed spellbook of remove curse an uncursed potion of booze a cursed potion of extra healing an uncursed potion of fruit juice 2 blessed potions of full healing 2 uncursed potions of full healing a cursed potion of gain ability an uncursed potion of gain energy an uncursed potion of hallucination a cursed potion of hallucination 4 potions of holy water an uncursed potion of invisibility an uncursed potion of levitation 2 uncursed potions of monster detection 2 uncursed potions of object detection an uncursed potion of oil an uncursed potion of paralysis a cursed potion of restore ability an uncursed potion of see invisible 3 potions of unholy water an uncursed potion of water an uncursed +1 ring of adornment an uncursed ring of aggravate monster an uncursed ring of cold resistance an uncursed ring of conflict an uncursed +1 ring of gain constitution an uncursed ring of invisibility a cursed ring of invisibility a cursed ring of invisibility an uncursed ring of levitation a blessed ring of polymorph control an uncursed ring of warning a wand of digging (0:4) a wand of enlightenment (0:0) a wand of slow monster (0:6) a wand of speed monster (0:4) a wand of speed monster (0:3) an uncursed figurine of a leocrotta a rusty +0 pick-axe a +0 unicorn horn a +0 unicorn horn a +0 unicorn horn 4 uncursed worthless pieces of green glass 3 uncursed worthless pieces of orange glass an uncursed worthless piece of violet glass an uncursed worthless piece of white glass 2 uncursed worthless pieces of yellow glass an uncursed worthless piece of yellowish brown glass Spells and supernatural/magical abilities: Name Level Category Fail Memory h - healing 1 healing 36% 82% W - pray for help -- divine ? -- Your skills at the end: Miscellaneous Skills martial arts [Skilled] wands [Expert] Weapon Skills shuriken [Basic] Spellcasting Skills healing spells [Skilled] Final Attributes: You were piously aligned. You were fire resistant. You were sleep resistant. You were poison resistant. You were magic-protected. You saw invisible. You were telepathic. You were warned. You had automatic searching. You were invisible to others. You were stealthy. You could fly. You were polymorphed into a jabberwock. You were very fast. You had reflection. You were extremely lucky. You survived. Vanquished creatures: Vlad the Impaler 2 iron golems 2 titans a deep ettin a gray dragon 2 red dragons 4 white dragons 2 black dragons a blue dragon a green dragon 2 minotaurs a jabberwock 2 baluchitheria a demilich a stone golem a master mind flayer an Olog-hai 2 Nazgul a trapper a baby white dragon a baby green dragon a baby yellow dragon 12 vampire lords 2 liches 2 nurses an ice devil a nalfeshnee a lurker above a frost giant a black pudding 13 vampires 19 ghosts an ettin a lieutenant a giant mimic 4 rock trolls an umber hulk 3 doppelgangers 2 hezrous 2 bone devils 2 baby purple worms 4 long worms an air elemental a fire elemental 5 giant mummies 2 black nagas a xorn 3 giant zombies 2 elf-lords 2 vrocks 5 wargs a winter wolf 2 hell hound pups a small mimic a glass piercer a warhorse 2 xans an ogre lord a troll a wood golem a marilith a pyrolisk 2 flaming spheres a shocking sphere a large cat a tiger 2 gargoyles 3 tengu 2 gelatinous cubes an ochre jelly 3 chameleons a leocrotta 3 energy vortices 3 mountain centaurs 4 giants an elf mummy a human mummy 2 pit vipers 2 pythons 27 wraiths 12 ettin zombies 6 soldiers 5 succubi a cockatrice a wolf a winter wolf cub a gremlin a spotted jelly a lizard 3 orc-captains a mumak a giant spider 2 scorpions a horse 4 vampire bats 3 forest centaurs 5 gnome kings 3 orc mummies a dwarf mummy 2 brown puddings 2 rust monsters 3 owlbears 2 werewolves 3 chickatrices a jaguar a dwarf lord a water nymph 4 white unicorns a black unicorn a dust vortex 3 ravens 5 plains centaurs 2 gnome mummies a snake 10 human zombies 2 rope golems 2 Woodland-elves a soldier ant 16 bugbears 5 quasits a Mordor orc 9 Uruk-hai 5 gnome lords a gnomish wizard 2 barrow wights 5 elf zombies 4 ghouls a giant ant a floating eye a kitten 5 dwarves a homunculus a kobold lord 3 kobold shamans 2 iguanas a rothe a rabid rat 3 orc zombies 4 dwarf zombies 2 werejackals 2 coyotes 2 hobbits an acid blob 3 geckos 12 hobgoblins a brown mold a red mold 22 gnomes 3 Keystone Kops 5 garter snakes 14 gnome zombies a fox 3 kobolds 2 newts 4 goblins 2 grid bugs 2 lichens 10 kobold zombies 465 creatures vanquished. Voluntary challenges: You used a wielded weapon 5 times, starting on turn 1547. You read items or engraved 37 times, starting on turn 193. You never genocided any monsters. You never polymorphed an object. You changed form 13 times, starting on turn 1655. You used 8 wishes, starting on turn 1652. You wished for your your first artifact on turn 3560. You never split a pudding. You wrote Elbereth's name 1 time, starting on turn 3160. You violated your moral code, losing 5 points of alignment, starting on turn 932. You disabled loading bones files. Dungeon overview: The Dungeons of Doom: levels 1 to 29 Level 1 a fountain a long staircase Level 2 stairs to The Gnomish Mines Level 3 Level 4 Level 5 (book) Level 6 Level 7 stairs to Sokoban Level 8 (chauns) Level 9 a fountain Level 10 Level 11 a general store Level 12 (quest) Level 13 Level 14 Level 15 Level 16 (wraiths) Level 17 Level 18 Level 19 Level 20 Level 21 Level 22 (whiteD) Level 23 Level 24 Level 25 Level 26 Level 27 Level 28 Level 29 Gehennom: levels 30 to 38 Level 30 a temple to Moloch, a magic chest stairs to The Dungeons of Doom Level 31 Level 32 Level 33 (baalz) Level 34 Level 35 Level 36 (juib) Level 37 Level 38 stairs to Vlad's Tower The Gnomish Mines: levels 3 to 5 Level 3 stairs to The Dungeons of Doom Level 4 Level 5 many shops, a temple to Shan Lai Ching, a magic chest, some fountains Sokoban: Level 6 a magic chest stairs to The Dungeons of Doom Vlad's Tower: levels 35 to 37 Level 35 Level 36 <- You were here an altar to Chih Sung-tzu Level 37 stairs to Gehennom History has recorded: On T:1 you entered the Dungeons of Doom to retrieve the Amulet of Yendor! On T:33 you reached level 2 of The Dungeons of Doom. On T:58 you reached level 3 of The Dungeons of Doom. On T:101 you reached level 1 of The Gnomish Mines. On T:118 you advanced to experience level 2. On T:122 you advanced to experience level 3. On T:172 you advanced to experience level 4. On T:261 you reached level 2 of The Gnomish Mines. On T:276 you advanced to experience level 5. On T:318 you reached level 3 of The Gnomish Mines. On T:376 you entered the Minetown temple On T:398 you opened a magic chest. On T:638 you reached level 4 of The Dungeons of Doom. On T:659 you reached level 5 of The Dungeons of Doom. On T:769 you reached level 6 of The Dungeons of Doom. On T:890 you advanced to experience level 6. On T:935 you reached level 7 of The Dungeons of Doom. On T:1372 you reached level 4 of Sokoban. On T:1428 you opened a magic chest. On T:1428 you opened a magic chest. On T:1428 you opened a magic chest. On T:1468 you reached level 8 of The Dungeons of Doom. On T:1485 you reached level 9 of The Dungeons of Doom. On T:1574 you reached level 10 of The Dungeons of Doom. On T:1594 you advanced to experience level 7. On T:1652 you wished for "blessed fixed ring of polymorph control". On T:1665 you reached level 11 of The Dungeons of Doom. On T:1677 you reached level 12 of The Dungeons of Doom. On T:1832 you reached level 13 of The Dungeons of Doom. On T:1844 you reached level 14 of The Dungeons of Doom. On T:1852 you reached level 15 of The Dungeons of Doom. On T:1860 you reached level 16 of The Dungeons of Doom. On T:1871 you reached level 17 of The Dungeons of Doom. On T:1883 you reached level 18 of The Dungeons of Doom. On T:1892 you reached level 19 of The Dungeons of Doom. On T:1942 you reached level 20 of The Dungeons of Doom. On T:1976 you advanced to experience level 8. On T:2017 you reached level 21 of The Dungeons of Doom. On T:2036 you wished for "+3 blessed fixed speed boots". On T:2059 you wished for "3 blessed scrolls of charging". On T:2079 you reached level 22 of The Dungeons of Doom. On T:2084 you reached level 23 of The Dungeons of Doom. On T:2085 you reached level 24 of The Dungeons of Doom. On T:2092 you reached level 25 of The Dungeons of Doom. On T:2092 you reached level 26 of The Dungeons of Doom. On T:2098 you reached level 27 of The Dungeons of Doom. On T:2104 you reached level 28 of The Dungeons of Doom. On T:2109 you advanced to experience level 9. On T:2122 you reached The Castle. On T:2209 you reached The Valley of the Dead. On T:2216 you advanced to experience level 8. On T:2248 you wished for "blessed fixed greased bag of holding". On T:2254 you wished for "uncursed fixed magic marker". On T:2271 you advanced to experience level 9. On T:2320 you advanced to experience level 10. On T:2495 you advanced to experience level 11. On T:2550 you advanced to experience level 12. On T:2634 you opened a magic chest. On T:2635 you opened a magic chest. On T:2669 you reached level 2 of Gehennom. On T:2679 you reached level 3 of Gehennom. On T:2694 you reached level 4 of Gehennom. On T:2701 you reached level 5 of Gehennom. On T:2718 you reached level 6 of Gehennom. On T:2726 you reached level 7 of Gehennom. On T:2736 you reached level 8 of Gehennom. On T:2745 you reached level 9 of Gehennom. On T:2919 you reached level 3 of Vlad's Tower. On T:2952 you reached level 2 of Vlad's Tower. On T:3240 you advanced to experience level 11. On T:3369 you reached level 1 of Vlad's Tower. On T:3427 you wished for "blessed fixed amulet of reflection". On T:3441 you killed Vlad the Impaler on level 1 of Vlad's Tower. On T:3543 you received Vorpal Blade from Chih Sung-tzu. On T:3560 you wished for "blessed fixed the eye of the aethiopica". On T:3569 you wished for "blessed fixed the eye of the aethiopica". Score breakdown: Gold: 6884 ( 688 points) Experience: 11 levels ( 1000 points) Exploration: 38 levels ( 1110 points) Discoveries: 65 items ( 2000 points) Variety of kills: 158 monsters ( 2000 points) Major goal: killed Vlad the Impaler ( 2500 points) Survival: quit (score multiplied by 3) Total score: 27894 Latest messages: Your ring of polymorph control turns to dust and vanishes! Your ring of teleport control turns to dust and vanishes! Your wand of slow monster breaks apart and explodes! Your wand of polymorph breaks apart and explodes! Your wand of digging breaks apart and explodes! Your wand of striking breaks apart and explodes! The gelatinous cube engulfs several objects. The quasit just misses! The quasit bites! The quasit misses. (2x) The quasit bites! The gelatinous cube touches you! The quasit claws you! (2x) The quasit bites! The quasit misses. (4x) The quasit claws you! The quasit misses. The gelatinous cube misses. The quasit claws you! The quasit misses. The quasit bites! The quasit claws you! The quasit's sting was poisoned! The poison doesn't seem to affect you. The quasit claws you! To quit the game, use the 'save' command (typically on 'S'). Final status: Goodbye nht the Monk, quit... You quit in Vlad's Tower on dungeon level 36 with 27894 points, and 6884 pieces of gold, after 3641 moves. You were level 11 with a maximum of 63 hit points when you quit.